cohdb
Replays
Latest Replays
All Replays
Popular Replays
Top Player Replays
Match Explorer
How It Works
Community
CoH3 Stats
Reddit
Sign in to upload your games and track your stats! →
Sign in with Steam
Match 43983177
Unlisted
Match 43983177
Overview
Messages
Build Orders
End
Panzergrenadier Squad
Panzergrenadier Squad
Panzergrenadier Squad
Construct Light Support Kompanie
MG34 Team
Selects Italian Infantry
Selects Guastatori Squad
Fire Support Elements
MG34 Team
le.IG 18 Mechanized Group
Panzerpioneer Squad
Panzergrenadier Squad
Construct Panzerarmee Kommand
Panzergrenadier Squad
2.5-tonne Medical Truck
le.IG 18 Mechanized Group
Flak 36 Anti-tank Gun Team
Walking Stuka Rocket Launcher
Construct Mechanized Kompanie
Walking Stuka Rocket Launcher
Panzergrenadier Squad
Panzergrenadier Squad
Flak 36 Anti-tank Gun Team
Panzergrenadier Squad
LGee
DrouX
Robin Da Hood
719093838
Markus
RRuse
MoXiaoTi
m.burr
0
0
Comments
sign in to comment!
No comments posted yet!